 Dungeon Crawl Stone Soup version 0.19.5 (webtiles) character file.

23 McKennaii the Skirmisher (level 2, -1/24 HPs)
             Began as a Demonspawn Abyssal Knight on Apr 27, 2017.
             Was a Follower of Lugonu.
             Slain by a goblin
             ... wielding a cursed +0 club
             ... led by Robin
              (5 damage)
             ... on level 2 of the Dungeon.
             The game lasted 00:01:38 (769 turns).

McKennaii the Skirmisher (Demonspawn Abyssal Knight) Turns: 769, Time: 00:01:39

Health: -1/24      AC:  3    Str: 17    XL:     2   Next: 75%
Magic:  4/4        EV: 11    Int: 13    God:    Lugonu [*.....]
Gold:   23         SH:  0    Dex: 14    Spells: 0 memorised, 1 level left

rFire  . . .     SeeInvis .     a - +2 falchion
rCold  . . .     Gourm    .     n - +0 leather armour (curse)
rNeg   . . .     Faith    .     (no shield)
rPois  .         Spirit   .     (no helmet)
rElec  .         Reflect  .     (no cloak)
rCorr  .         Harm     .     (no gloves)
MR     .....                    (no boots)
Stlth  +.........               (no amulet)
                                (no ring)
                                i - +2 ring of dexterity

@: mighty
A: powered by death 1
a: Depart the Abyss, Renounce Religion


You were on level 2 of the Dungeon.
You worshipped Lugonu.
Lugonu was aware of your devotion.
You were not hungry.

You visited 1 branch of the dungeon, and saw 2 of its levels.
You visited the Abyss 1 time.

You collected 23 gold pieces.

Inventory:

Hand Weapons
 a - a +2 falchion (weapon)
Armour
 b - a +0 leather armour
 n - a cursed +0 leather armour (worn)
Jewellery
 i - a +2 ring of dexterity (left hand)
Scrolls
 f - 2 scrolls of identify
 h - a scroll of enchant armour {unknown}
Potions
 e - 2 potions of curing
Comestibles
 c - a bread ration
 d - 2 meat rations


   Skills:
 + Level 3.2 Fighting
 + Level 2.0 Long Blades
 + Level 2.0 Armour
 + Level 1.1 Dodging
 + Level 0.2 Stealth
 + Level 3.0 Invocations


You had one spell level left.
You didn't know any spells.

Dungeon Overview and Level Annotations

Branches:
Dungeon (2/15)

Altars:

Annotations:
D:2 Robin


Innate Abilities, Weirdness & Mutations

You regenerate a little health from kills.


Message History

The goblins go into a battle-frenzy!
You barely miss the goblin. The goblin closely misses you.
The goblin hits you with a club. The goblin barely misses you.
The goblin hits you with a club.
You slash the goblin!
You kill the goblin!
Lugonu accepts your kill.
Robin roars a battlecry!
The goblin barely misses you.
You hear a shout!
You barely miss the goblin. Robin throws the goblin at you!
The goblin hits you with a club!
* * * LOW HITPOINT WARNING * * *
You closely miss the goblin. The goblin hits you with a dagger.
* * * LOW HITPOINT WARNING * * *
The goblin closely misses you.
You completely miss the goblin. The goblin hits you with a dagger.
* * * LOW HITPOINT WARNING * * *
The goblin hits you with a club.
You die...

#.#####.# # ##.#
#.# #? #..# ..#
#.###.## ##.##
...#.# ...
#.#.###..
#...##..#
#..g.#..#
#..##@#..# #.#
#g#..# ..[
#gg.)####.# ####
#ggg..gg..#
#.!.((...#.....
?.....#........
..######........
. .........
#........


You could see 2 hobgoblins and 5 goblins.

Vanquished Creatures
  An ooze (D:1)
  2 bats
  2 giant cockroaches (D:1)
  5 goblins
  A hobgoblin (D:1)
  4 kobolds (D:1)
  A frilled lizard (D:1)
  A rat (D:1)
17 creatures vanquished.

Notes
Turn   | Place    | Note
-------+----------+-------------------------------------------
     0 | Abyss:1  | McKennaii the Demonspawn Abyssal Knight began the quest for the Orb.
     0 | Abyss:1  | Reached XP level 1. HP: 18/18 MP: 2/2
    88 | Abyss:2  | Noticed a tentacled starspawn
    88 | Abyss:2  | Noticed a shadow
    89 | Abyss:2  | Noticed a tentacled starspawn
    89 | D:1      | Escaped the Abyss
   201 | D:1      | Reached skill level 1 in Dodging
   248 | D:1      | Reached * piety under Lugonu
   290 | D:1      | Gained mutation: You regenerate a little health from kills. [demonic ancestry]
   290 | D:1      | Reached XP level 2. HP: 22/24 MP: 3/3
   757 | D:2      | Noticed Robin
   769 | D:2      | Slain by a goblin

Skill      XL: |  1  2 |
---------------+-------+-----
Dodging        | 1 |  1.1
Armour         | 2 |  2.0
Invocations    | 3 |  3.0
Long Blades    | 2 |  2.0
Fighting       | |  3.2
Stealth        | |  0.2

Action                   || total
-------------------------++-------
Melee: Falchion          ||    50
Invok: Depart the Abyss  ||     1
  Use: Scroll            ||     5
       Potion            ||     2
 Stab: Sleeping          ||     1
Armor: Leather armour    ||    18
Dodge: Dodged            ||    30
       Rpst.: Falchion   ||     8
